AoeStats
← Masolas

Nomad

509671746Analyzed
3v3 RM · 5d ago on Sep 27, 2026· 63m 16s· 6 players
Game mode
Random Map
Map size
210×210
Population
200
Speed
Normal
Resources
Standard
Victory
Conquest
Starting age
Dark Age
Ending age
Imperial Age
RankedLock teamsTeams togetherTeam positionsShared explorationLock speedFull tech treeHidden civsTurbo modeCheats
Victory
Defeat
🇨🇦 Varangians · Canada
976
+17
🇨🇦 Koreans · Canada
936
+19
🇨🇦 Wei · Canada
927
+19
🇹🇼 Chinese · Taiwan
1006
-19
🇦🇷 Chinese · Argentina
1000
-55
🇱🇹 Chinese · Lithuania
985
-18
Evomartis
14:08 Feudal Age
13:24 Loom
16:27 Wheelbarrow
16:41 Bloodlines
18:54 Town Watch
20:57 Horse Collar
22:28 Scale Barding Armor
23:17 Forging
26:50 Castle Age
27:07 Double-Bit Axe
27:43 Husbandry
37:26 Gold Mining
38:13 Town Patrol
40:41 Husbandry
40:59 Bow Saw
42:55 Heavy Plow
44:50 Chain Barding Armor
45:41 Iron Casting
jeffhou47
15:02 Feudal Age
16:47 Fishing Lines
24:06 Castle Age
24:08 Fletching
24:19 Padded Archer Armor
24:20 Scale Mail Armor
30:03 Pikeman
31:03 Crossbowman
34:28 Fortified Wall
34:58 Gillnets
35:19 Murder Holes
39:28 Imperial Age
38:05 Leather Archer Armor
37:45 Bodkin Arrow
37:57 Demolition Ship
39:06 Squires
40:06 Ballistics
41:36 Ring Archer Armor
41:07 Bracer
41:13 Stone Mining
41:15 Gold Mining
41:37 Arbalester
42:22 Thumb Ring
43:48 Stone Shaft Mining
43:51 Gold Shaft Mining
44:12 Medium Warships
43:22 Heavy Demolition Ship
48:56 Chain Mail Armor
48:38 Halberdier
50:14 Heavy Warships
49:10 Heavy Demolition Ship
51:38 Chemistry
53:27 Elite Skirmisher
ziritoelgamer
17:58 Feudal Age
19:47 Wheelbarrow
cargoyle
11:19 Loom
13:30 Feudal Age
17:23 Double-Bit Axe
21:36 Castle Age
20:14 Horse Collar
22:42 Medium Warships
27:00 Bow Saw
26:52 Heavy Plow
29:36 Wheelbarrow
32:35 Pikeman
34:09 Fletching
35:53 Hand Cart
35:13 Crossbowman
41:36 Imperial Age
39:17 Thumb Ring
44:09 Ballistics
44:04 Clinker Construction
44:21 Careening
47:23 Elite Turtle Ship
48:13 Arbalester
49:00 Bodkin Arrow
49:35 Shipwright
49:37 Carvel Hull
50:25 Chemistry
52:31 Bracer
56:33 Heavy Warships
Masolas
6:13 Loom
12:14 Feudal Age
13:17 Double-Bit Axe
18:36 Castle Age
18:05 Double-Bit Axe
19:01 Scale Barding Armor
21:09 Forging
22:48 Wheelbarrow
27:18 Chain Barding Armor
27:02 Husbandry
26:52 Horse Collar
27:52 Bloodlines
28:49 Fishing Lines
33:04 Heavy Plow
33:18 Bow Saw
33:30 Hand Cart
33:03 Town Watch
34:17 Gold Mining
34:17 Stone Mining
34:46 Gillnets
35:56 Town Patrol
38:32 Iron Casting
37:49 Fletching
41:27 Imperial Age
38:58 Vendel Legacy
39:47 Devotion
40:56 Bodkin Arrow
41:52 Scale Mail Armor
41:59 Stone Mining
41:33 Elite Varangian Guard
42:35 Conscription
43:52 Chemistry
43:19 Ballistics
44:24 Gambesons
46:51 Cavalier
48:49 Plate Barding Armor
49:14 Blast Furnace
48:31 Chain Mail Armor
48:05 Gothikon
53:11 Plate Mail Armor
52:42 Bracer
53:07 Elite Jarl
62:31 Heated Shot
62:52 Padded Archer Armor
NeoZenith
15:43 Feudal Age
16:22 Double-Bit Axe
18:28 Horse Collar
22:15 Wheelbarrow
21:26 Loom
25:05 Castle Age
29:00 Hand Cart
31:05 Bloodlines
30:55 Husbandry
31:07 Forging
31:02 Scale Barding Armor
35:06 Iron Casting
34:51 Chain Barding Armor
34:37 Horse Collar
36:00 Gold Mining
36:07 Stone Mining
41:55 Imperial Age
43:29 Ming Guang Armor
43:26 Conscription
42:33 Elite Tiger Cavalry
43:24 Heavy Hei Guang Cavalry
48:04 Blast Furnace
Connection lost

Rejoining the realm…

Still unreachable

The connection could not be restored.

Session expired

The server has moved on; the page needs a fresh start.